 Dungeon Crawl Stone Soup version 0.27-a0-412-g8dd771eca2 (webtiles) character file.

Game seed: 768256580694052352

3383 tilp the Martial Artist (level 10, -7/68 HPs)
             Began as an Octopode Transmuter on Feb 23, 2021.
             Was an Initiate of Okawaru.
             Mangled by Duvessa
             ... wielding a +5 short sword of speed
              (12 damage)
             ... on level 7 of the Dungeon.
             The game lasted 00:12:44 (9962 turns).

tilp the Martial Artist (Octopode Transmuter)       Turns: 9962, Time: 00:12:45

Health: -7/68      AC:  1    Str: 10    XL:     10   Next: 4%
Magic:  16/16      EV: 19    Int: 19    God:    Okawaru [......]
Gold:   270        SH:  0    Dex: 12    Spells: 11/17 levels left

rFire    . . .     SeeInvis .     - Unarmed
rCold    . . .     Faith    .   q - +0 buckler
rNeg     . . .     Spirit   .   (helmet restricted)
rPois    .         Reflect  +   v - amulet of reflection
rElec    .         Harm     .   k - +4 ring of evasion
rCorr    .         Rampage  .   s - ring of flight
Will     .....                  (no ring)
Stlth    ++........             (no ring)
HPRegen  0.21/turn              (no ring)
MPRegen  0.15/turn              (no ring)
                                (no ring)
                                (no ring)

@: confused, wereblooded
A: almost no armour, stealthy swim, amphibious, 8 rings, constrict 8, camouflage
1, gelatinous body 1
a: Renounce Religion, Evoke Flight


You were on level 7 of the Dungeon.
You worshipped Okawaru.
Okawaru was noncommittal.
You visited 2 branches of the dungeon, and saw 8 of its levels.

You collected 270 gold pieces.

Inventory:

Missiles
 a - 14 poisoned darts (quivered)
 r - a throwing net
Armour
 q - a +0 buckler (worn)
Jewellery
 k - a +4 ring of evasion (left tentacle)
 s - a ring of flight (right tentacle)
 v - an amulet of reflection (around mantle)
Wands
 w - a wand of flame (21)
 y - a wand of digging (7)
Scrolls
 d - 6 scrolls of enchant weapon
 f - 4 scrolls of teleportation
Potions
 c - a potion of ambrosia
 e - 2 potions of lignification
 g - 3 potions of attraction
 h - a potion of mutation {unknown}
 j - a potion of berserk rage {unknown}
 l - a potion of brilliance {unknown}
 m - 2 potions of magic
 n - 2 potions of might
 p - a potion of flight {unknown}
 x - a potion of cancellation {unknown}
 z - a potion of haste


   Skills:
 - Level 6.0 Fighting
 - Level 6.0 Dodging
 - Level 4.0 Stealth
 - Level 4.0 Shields
 - Level 8.0 Unarmed Combat
 - Level 4.0 Spellcasting
 + Level 5.4 Transmutations
 - Level 2.0 Poison Magic


You had 11 spell levels left.
You knew the following spells:

 Your Spells              Type           Power        Failure   Level
a - Beastly Appendage     Tmut           48%          1%          1
b - Wereblood             Tmut           24%          2%          2
c - Spider Form           Tmut/Pois      8%           9%          3

Your spell library contained the following spells:

 Spells                   Type           Power        Failure   Level
 Confusing Touch          Hex            3%           38%         3
 Gell's Gravitas          Tloc           1%           38%         3
 Blade Hands              Tmut           12%          38%         5
 Ice Form                 Ice/Tmut       14%          41%         4
 Petrify                  Tmut/Erth      14%          41%         4
 Yara's Violent Unravell  Hex/Tmut       7%           77%         5
 Metabolic Englaciation   Hex/Ice        1%           98%         5


Dungeon Overview and Level Annotations

Branches:
Dungeon (7/15)             Temple (1/1) D:7

Altars:
Ashenzari
Cheibriados
Dithmenos
Elyvilon
Fedhas
Gozag
Hepliaklqana
Kikubaaqudgha
Makhleb
Nemelex Xobeh
Okawaru
Qazlal
Ru
Sif Muna
Trog
Uskayaw
Vehumet
Wu Jian
Xom
Yredelemnul
Zin
The Shining One

Annotations:
D:4 1 runed translucent door, Inkie's ghost, amateur OgAM
D:5 1 runed translucent door, Ge0ff's ghost, weakling TeDe
D:6 exclusion: water moccasin, Edmund
D:7 Duvessa


Innate Abilities, Weirdness & Mutations

You cannot wear most types of armour.
You are very stealthy in the water. (Stealth+)
You are amphibious.
You can wear up to eight rings at the same time.
You can use your tentacles to constrict eight enemies at once.
Your skin changes colour to match your surroundings (Stealth+).
Your rubbery body absorbs attacks. (AC +1, EV +1)


Message History

Okawaru accepts your kill.
You hear a shout!
You have reached level 10!
You feel clever.
You feel sick.
You are no longer poisoned.
You block the centaur's attack.
You pummel the centaur!!
You kill the centaur!
Okawaru accepts your kill.
Your Transmutations skill increases to level 5!
You start resting.
Dowan, Brother of Duvessa comes into view.
He is wielding a +2 dagger of venom.
Dowan casts a spell at something.
Aiming: Throw Flame
Press: ? - help, Shift-Dir - straight line, f - Dowan
Aim: Dowan, wielding a +2 dagger of venom and wearing a +0 robe (44% to evade)
The puff of flame hits Dowan!
Dowan is moderately wounded.
You feel less wooden.
Duvessa, Sister of Dowan comes into view.
She is wielding a +5 short sword of speed.
You bludgeon Dowan! Your grab misses Dowan. You squeeze Dowan!
You kill Dowan!
Okawaru accepts your kill.
Duvessa weeps, then rights herself and shakes her weapon.
Duvessa goes berserk!
You block Duvessa's attack.
You hear a shout!
Unknown command.
Okay, then.
Okay, then.
You tentacle-slap Duvessa. You grab Duvessa. You squeeze Duvessa!
Duvessa is moderately wounded.
You constrict Duvessa.
Duvessa hits you with a +5 short sword of speed!
* * * LOW HITPOINT WARNING * * *
Unknown command.
You are confused.
You feel invigorated.
You constrict Duvessa.
Duvessa hits you with a +5 short sword of speed!
You die...

#.......†.#
#.#######.#
#### #.# #.#
...# #.# #.#
##.####'## #.#
#.##....# #.#
#.##....# #.#
# #.#.....#
#.##.#####
#.#....(####
#.@e)(...(
#..........#
####.###..
#.............
#
#(.....#.#.###
#..###.#.#.#
#..# #.#.# .
#..# #.#.# .
#..# #.# ....
..


You could see Duvessa (berserk, fast).

Vanquished Creatures
  Pikel (D:6)
  2 sky beasts
  2 ogres
  4 centaurs
  2 phantoms
  Blork the orc (D:4)
  A gnoll sergeant (D:5)
  2 bullfrogs
  Dowan (D:7)
  2 scorpions
  6 killer bees (D:7)
  4 wights (D:6)
  2 howler monkeys
  A jelly (D:6)
  3 hounds
  A centaur skeleton (D:5)
  A gnoll shaman (D:4)
  5 orc priests
  2 bullfrog skeletons
  2 iguanas
  10 orc wizards
  5 worker ants
  15 gnolls
  A howler monkey skeleton (D:4)
  10 adders
  2 shadow imps (D:7)
  2 ufetubi (D:5)
  An adder skeleton (D:4)
  An adder zombie (D:6)
  5 worms
  3 dart slugs
  3 leopard geckos
  24 orcs
  4 giant cockroaches
  8 hobgoblins
  17 jackals
  3 quokkas
  3 bats
  5 frilled lizards
  10 goblins
  4 kobolds
  A quokka skeleton (D:4)
  A quokka zombie (D:7)
  4 rats
187 creatures vanquished.

Vanquished Creatures (others)
  A plant (D:3)
1 creature vanquished.

Grand Total: 188 creatures vanquished

Notes
Turn   | Place    | Note
-------+----------+-------------------------------------------
     0 | D:1      | tilp the Octopode Transmuter began the quest for the Orb.
     0 | D:1      | Reached XP level 1. HP: 13/13 MP: 3/3
    67 | D:1      | Reached skill level 1 in Stealth
   564 | D:1      | Reached XP level 2. HP: 18/18 MP: 5/5
   591 | D:1      | Learned a level 2 spell: Wereblood
  1271 | D:2      | Reached XP level 3. HP: 19/23 MP: 4/6
  1805 | D:2      | Found a faded altar of an unknown god.
  2161 | D:3      | Reached XP level 4. HP: 28/29 MP: 5/7
  2167 | D:3      | Reached skill level 4 in Unarmed Combat
  2281 | D:3      | Reached XP level 5. HP: 30/34 MP: 5/8
  3962 | D:4      | Reached skill level 5 in Unarmed Combat
  3962 | D:4      | Reached XP level 6. HP: 36/41 MP: 7/9
  4221 | D:4      | Noticed Blork the orc
  4230 | D:4      | Killed Blork the orc
  4336 | D:4      | Found a white marble altar of Elyvilon.
  4343 | D:4      | Found an opulent altar of Gozag.
  4355 | D:4      | Found an ancient bone altar of Kikubaaqudgha.
  4507 | D:4      | Reached skill level 6 in Unarmed Combat
  4507 | D:4      | Reached XP level 7. HP: 31/47 MP: 7/10
  4757 | D:4      | Reached skill level 5 in Fighting
  5159 | D:4      | Found a runed translucent door.
  5160 | D:4      | Noticed Inkie's ghost (amateur OgAM)
  5240 | D:4      | Found a sacrificial altar of Ru.
  5563 | D:5      | Entered Level 5 of the Dungeon
  5773 | D:5      | Reached XP level 8. HP: 50/57 MP: 8/11
  5883 | D:5      | Found a runed translucent door.
  5887 | D:5      | Noticed Ge0ff's ghost (weakling TeDe)
  6058 | D:5      | Reached skill level 7 in Unarmed Combat
  6997 | D:5      | Reached skill level 1 in Shields
  7246 | D:5      | Learned a level 3 spell: Spider Form
  7427 | D:6      | Reached skill level 5 in Dodging
  7430 | D:6      | Reached XP level 9. HP: 49/62 MP: 10/12
  7750 | D:6      | Reached skill level 8 in Unarmed Combat
  7758 | D:6      | Noticed Pikel
  7760 | D:6      | Killed Pikel
  7761 | D:6      | Reached skill level 1 in Poison Magic
  9007 | D:6      | Noticed Edmund
  9619 | D:7      | Found a staircase to the Ecumenical Temple.
  9628 | Temple   | Entered the Ecumenical Temple
  9746 | Temple   | Became a worshipper of Warmaster Okawaru
  9952 | D:7      | Reached XP level 10. HP: 24/68 MP: 13/16
  9957 | D:7      | Reached skill level 5 in Transmutations
  9957 | D:7      | Noticed Dowan
  9959 | D:7      | Noticed Duvessa
  9960 | D:7      | Killed Dowan
  9961 | D:7      | HP: 2/68 [Duvessa/+5 short sword of speed (15)]
  9962 | D:7      | Mangled by Duvessa

Illustrated notes

Levels and vault maps discovered:
D:1:      saegor_arrival_simple_a, layout_basic, chequers_serial_rivers_large_b
D:2:      layout_rooms, chequers_ecumenical_altar_island
D:3:      layout_loops_ring, st_stairs_11, serial_bayou_lagoon_b
D:4:      layout_basic, lemuel_crystal_altar, minmay_overflow_temple_star_quad,
          ebering_ghost_reflecting_pool, st_stairs_6, minmay_pentangle,
          uniq_blork_the_orc
D:5:      minmay_evil_eye, layout_loops_cross, ebering_ghost_reflecting_pool,
          chequers_serial_rivers_room_b, lightli_minifort
D:6:      layout_basic, uniq_pikel, uniq_edmund
D:7:      layout_basic, minmay_temple_entry_trees, enter_bailey_5, uniq_duvessa
Temple:   hc_temple_tempest_star

Skill      XL: |  1  2  3  4  5  6  7  8  9 10 |
---------------+-------------------------------+-----
Stealth        | 2 3 4 |  4.0
Fighting       | 2 3 6 |  6.0
Unarmed Combat | 4 5 6 7 8 |  8.0
Dodging        | 5 6 |  6.0
Shields        | 2 4 |  4.0
Poison Magic   | 2 |  2.0
Transmutations | 4 5 |  5.4
Spellcasting   | 4 |  4.0

Action                   |  1- 3 |  4- 6 |  7- 9 | 10-12 || total
-------------------------+-------+-------+-------+-------++-------
Melee: Unarmed           |    83 |    91 |   328 |     3 ||   505
       Constrict         |    27 |    26 |    71 |     1 ||   125
       Tentacles         |    17 |    15 |    64 |     2 ||    98
       Kick              |    13 |    24 |    49 |       ||    86
       Punch             |     2 |     3 |    17 |       ||    22
Throw: Dart              |     5 |    15 |    38 |       ||    58
 Cast: Beastly Appendage |    10 |    13 |    32 |       ||    55
       Wereblood         |     2 |     7 |    17 |       ||    26
Evoke: Wand              |       |       |     1 |     1 ||     2
  Use: Scroll            |     2 |     2 |     8 |       ||    12
       Potion            |       |       |     2 |     1 ||     3
 Stab: Sleeping          |    10 |     3 |    12 |       ||    25
Armor: Skin              |     2 |     1 |    16 |       ||    19
Dodge: Dodged            |    42 |    42 |   213 |       ||   297
Block: Buckler           |       |       |    44 |     2 ||    46
       Reflection        |       |       |     2 |       ||     2

Table legend: (Time is in decaauts)
 A = Elapsed time spent in this place.
 B = Non-inter-level travel time spent in this place.
 C = Inter-level travel time spent in this place.
 D = Time resting spent in this place.
 E = Time spent auto-exploring this place.
 F = Levels seen in this place.
 G = Mean time per level.
                   A        B        C        D        E       F      G
               +--------+--------+--------+--------+--------+-----+--------+
         Total |   9910 |   9608 |    302 |   2701 |   5469 |   8 | 1238.8 |
       Dungeon |   9775 |   9509 |    266 |   2701 |   5373 |   7 | 1396.4 |
        Temple |    134 |     98 |     36 |      0 |     96 |   1 |  134.0 |
               +--------+--------+--------+--------+--------+-----+--------+

Top non-repeatable levels by time:
     D:6: 2193 daAuts
     D:4: 2180 daAuts
     D:5: 1699 daAuts
     D:3: 1377 daAuts
     D:1: 1297 daAuts
     D:2: 819 daAuts
     D:7: 207 daAuts
  Temple: 134 daAuts
